AoeStats
← 啊超

Black Forest

504766527Analyzed
3v3 RM · 25d ago on Sep 6, 2026· 40m 27s· 6 players
Game mode
Random Map
Map size
Normal (6 player)
Population
200
Speed
Normal
Resources
Standard
Victory
Conquest
Starting age
Dark Age
Ending age
Imperial Age
RankedLock teamsTeams togetherTeam positionsShared explorationLock speedFull tech treeHidden civsTurbo modeCheats
Victory
Defeat
🇪🇸 Armenians · Spain
1111
+12
🇪🇸 Franks · Spain
1070
+14
🇪🇸 Bohemians · Spain
908
+21
🇨🇳 Khmer · China
1048
-17
🇩🇪 Hindustanis · Germany
1011
-15
🇩🇪 Byzantines · Germany
1007
-15
MIERES
11:28 Loom
14:41 Feudal Age
15:15 Double-Bit Axe
18:43 Wheelbarrow
21:58 Castle Age
24:42 Bow Saw
28:17 Scale Barding Armor
28:34 Husbandry
35:56 Imperial Age
34:46 Chain Barding Armor
34:36 Forging
34:17 Fletching
34:32 Stone Mining
34:33 Gold Mining
36:53 Iron Casting
36:33 Cavalier
REJO
1:07 Loom
12:46 Feudal Age
12:50 Man-at-Arms
14:26 Scale Mail Armor
14:38 Gold Mining
14:34 Double-Bit Axe
14:35 Long Swordsman
15:36 Forging
17:13 Arson
18:57 Fletching
25:14 Padded Archer Armor
25:42 Pikeman
27:03 Stone Mining
29:39 Castle Age
27:23 Horse Collar
31:25 Chain Mail Armor
31:47 Iron Casting
31:08 Bodkin Arrow
34:14 Imperial Age
32:09 Squires
33:10 Gambesons
37:15 Plate Mail Armor
37:15 Bow Saw
38:36 Conscription
39:45 Conscription
Trajan
0:39 Loom
15:40 Feudal Age
16:05 Man-at-Arms
17:50 Forging
17:49 Scale Mail Armor
22:07 Horse Collar
28:26 Castle Age
26:45 Double-Bit Axe
29:41 Bow Saw
28:57 Pikeman
29:56 Chain Mail Armor
30:17 Iron Casting
33:07 Wheelbarrow
40:48 Imperial Age
41:48 Chemistry
41:09 Ballistics
b7ackwar
9:02 Loom
12:52 Feudal Age
17:32 Castle Age
15:21 Double-Bit Axe
15:18 Horse Collar
15:51 Stone Mining
19:07 Bow Saw
25:25 Gold Mining
26:59 Husbandry
27:18 Forging
27:16 Scale Barding Armor
28:21 Heavy Plow
29:44 Chain Barding Armor
34:30 Imperial Age
32:38 Iron Casting
32:20 Fletching
33:58 Wheelbarrow
36:20 Plate Barding Armor
37:06 Logistica
37:26 Conscription
37:12 Elite Cataphract
OregonGruss7584
10:39 Feudal Age
13:04 Double-Bit Axe
17:41 Castle Age
24:35 Loom
28:33 Bow Saw
30:11 Scale Barding Armor
30:14 Padded Archer Armor
30:05 Fletching
32:49 Wheelbarrow
34:12 Husbandry
34:23 Bloodlines
34:10 Bodkin Arrow
34:22 Scale Barding Armor
35:32 Hand Cart
36:39 Chain Barding Armor
36:13 Fishing Lines
39:11 Ballistics
38:48 Murder Holes
39:12 Forging
40:23 Scale Mail Armor
40:58 Iron Casting
啊超
0:29 Loom
19:34 Feudal Age
29:14 Castle Age
28:26 Double-Bit Axe
29:36 Horse Collar
33:41 Scale Barding Armor
33:54 Bow Saw
38:44 Pikeman
Connection lost

Rejoining the realm…

Still unreachable

The connection could not be restored.

Session expired

The server has moved on; the page needs a fresh start.